 Dungeon Crawl Stone Soup version 0.28-a0-1236-gb25a51b929 (webtiles) character file.

Game seed: 8546882452309806295

63 funkygono the Firebug (level 3, -7/19 HPs)
             Began as a Deep Elf Fire Elementalist on Dec 25, 2021.
             Killed from afar by an orc wizard (8 damage)
             ... with a magic dart
             ... on level 3 of the Dungeon.
             The game lasted 00:02:50 (2281 turns).

funkygono the Firebug (Deep Elf Fire Elementalist)  Turns: 2281, Time: 00:02:51

Health: -7/19      AC:  3    Str:  5    XL:     3   Next: 87%
Magic:  1/10       EV: 12    Int: 21    God:
Gold:   96         SH:  0    Dex: 15    Spells: 4/10 levels left

rFire   . . .      SeeInvis .   c - +0 short sword
rCold   . . .      Faith    .   (no shield)
rNeg    . . .      Spirit   .   a - +0 robe
rPois   .          Reflect  .   d - +0 helmet
rElec   .          Harm     .   (no cloak)
rCorr   .          Rampage  .   (no gloves)
Will    .....                   (no boots)
Stlth   +.........              (no amulet)
HPRegen 0.06/turn               (no ring)
MPRegen 0.12/turn               (no ring)

@: confused
A: no striking features
a: no special abilities


You were on level 3 of the Dungeon.
You visited 1 branch of the dungeon, and saw 3 of its levels.

You collected 96 gold pieces.

Inventory:

Hand Weapons
 c - a +0 short sword (weapon)
 e - a +2 spectral quarterstaff
Missiles
 b - 40 stones
Armour
 a - a +0 robe (worn)
 d - a +0 helmet (worn)
Potions
 g - a potion of ambrosia
 h - a potion of lignification


   Skills:
 + Level 2.4 Dodging
 - Level 2.4 Stealth
 * Level 4.2 Spellcasting
 * Level 1.4 Conjurations
 * Level 4.5 Fire Magic


You had 4 spell levels left.
You knew the following spells:

 Your Spells              Type           Power      Damage    Failure   Level
a - Foxfire               Conj/Fire      68%        2x1d7     3%          1
b - Scorch                Fire           46%        2d7       2%          2
c - Conjure Flame         Conj/Fire      17%        6-21      11%         3

Your spell library contained the following spells:

 Spells                   Type           Power      Damage    Failure   Level
 Beastly Appendage        Tmut           8%         N/A       12%         1
 Inner Flame              Hex/Fire       13%        N/A       14%         3
 Wereblood                Tmut           4%         N/A       19%         2
 Spider Form              Tmut/Pois      4%         N/A       34%         3
 Flame Wave               Conj/Fire      17%        2d5       34%         4


Dungeon Overview and Level Annotations

Branches:
Dungeon (3/15)

Altars:
Qazlal

Shops:
D:2 *


Message History

The orc is severely wounded.
The foxfire hits the orc but does no damage.
The orc is severely wounded.
Casting: Foxfire (safe; 3% risk of failure)
Confirm with . or Enter, or press ? or * to list all spells.
Flames lash the orc.
You kill the orc!
Unknown command.
Casting: Scorch (safe; 2% risk of failure)
Confirm with . or Enter, or press ? or * to list all spells.
You conjure some foxfire!
The foxfire hits the orc!
You kill the orc!
The foxfire hits something but does no damage.
Casting: Foxfire (safe; 3% risk of failure)
Confirm with . or Enter, or press ? or * to list all spells.
You conjure some foxfire!
Casting: Foxfire (safe; 3% risk of failure)
Confirm with . or Enter, or press ? or * to list all spells.
You conjure some foxfire!
The foxfire hits something.
The foxfire hits something but does no damage.
The foxfire hits something.
You hit something. Something hits you but does no damage.
You miss something. Something hits you but does no damage.
You hit something. Something hits you.
You hear some strange, mumbled words.
You are confused.
You miss something.
You hear some strange, mumbled words.
A magic dart appears from out of thin air!
The magic dart hits you.
* * * LOW HITPOINT WARNING * * *
Unknown command.
You miss something.
You hear some strange, mumbled words.
You are more confused.
You're too confused to move!
You hear some strange, mumbled words.
A magic dart appears from out of thin air!
The magic dart hits you!
You die...

#)##############.#
#.................
#>................
#.#######........#
# #)######..
#.#.#######.
#ยง#.........
#.#.#####.#.
#.{@........
###.#####.#.#
#.##.. .#
#.##.####.#
#.##.#....#
#.##.#....#####
#.##.#........#
#..#.#........#
#.............####


There were no monsters in sight!

Vanquished Creatures
  An adder (D:2)
  A dart slug (D:1)
  3 orcs (D:3)
  4 bats
  6 endoplasms
  5 giant cockroaches
  5 hobgoblins
  4 kobolds
  7 ball pythons
  3 frilled lizards (D:1)
  5 rats
44 creatures vanquished.

Vanquished Creatures (others)
  128 foxfires
128 creatures vanquished.

Grand Total: 172 creatures vanquished

Notes
Turn   | Place    | Note
-------+----------+-------------------------------------------
     0 | D:1      | funkygono the Deep Elf Fire Elementalist began the quest
                  | for the Orb.
     0 | D:1      | Reached XP level 1. HP: 10/10 MP: 6/6
   150 | D:1      | Reached XP level 2. HP: 15/15 MP: 6/8
   249 | D:1      | Found a faded altar of an unknown god.
   622 | D:1      | Learned a level 2 spell: Scorch
  1166 | D:2      | Reached XP level 3. HP: 19/19 MP: 7/10
  1650 | D:2      | Learned a level 3 spell: Conjure Flame
  1739 | D:2      | Found Attiskim's Assorted Antiques.
  1969 | D:2      | Found a stormy altar of Qazlal.
  2281 | D:3      | Killed from afar by an orc wizard

Illustrated notes

Levels and vault maps discovered:
D:1:      dpeg_arrival_three_same_balls, layout_loops_cross,
          hellmonk_ecumenical_altar_blasted
D:2:      layout_loops_corners, basic_altar, serial_shops,
          nicolae_shop_overgrown_old_shop
D:3:      layout_basic, zin_purify, mainiacjoe_overflow_alcove_4,
          serial_aquarium, aquarium_bridge_long_separate
          [aquarium_subvault_window, aquarium_subvault_bridge,
          aquarium_subvault_bridge, aquarium_subvault_bridge,
          aquarium_subvault_bridge, aquarium_subvault_window],
          aquarium_window_fake, aquarium_window_fake, aquarium_view_2e,
          aquarium_balcony_5a, uniq_natasha

Skill      XL: |  1  2  3 |
---------------+----------+-----
Fire Magic     | 4 |  4.5
Spellcasting   | 4 |  4.2
Dodging        | |  2.4
Stealth        | |  2.4
Conjurations   | |  1.4

Action                   || total
-------------------------++-------
Melee: Unarmed           ||     1
       Short sword       ||     5
 Cast: Foxfire           ||    76
       Scorch            ||     8
  Use: Scroll            ||     2
Armor: Robe              ||     7
Dodge: Dodged            ||     3

Table legend: (Time is in decaauts)
 A = Elapsed time spent in this place.
 B = Non-inter-level travel time spent in this place.
 C = Inter-level travel time spent in this place.
 D = Time resting spent in this place.
 E = Time spent auto-exploring this place.
 F = Levels seen in this place.
 G = Mean time per level.
                   A        B        C        D        E       F      G
               +--------+--------+--------+--------+--------+-----+--------+
         Total |   2280 |   2244 |     36 |      0 |   1948 |   3 |  760.0 |
       Dungeon |   2280 |   2244 |     36 |      0 |   1948 |   3 |  760.0 |
               +--------+--------+--------+--------+--------+-----+--------+

Top non-repeatable levels by time:
     D:2: 1148 daAuts
     D:1: 1065 daAuts
     D:3: 66 daAuts
